 Dungeon Crawl Stone Soup version 0.32-a0-22-g6ae6769602 (webtiles) character file.

Game seed: 2311411827132670064

135377 Malachi the Tortoise (level 17, -8/133 HPs)
             Began as a Gnoll Shapeshifter on Jan 16, 2024.
             Was the Champion of Fedhas.
             Succumbed to a naga ritualist's toxic radiance
             ... on level 2 of the Snake Pit on Jan 18, 2024.
             The game lasted 00:48:45 (23390 turns).

Malachi the Tortoise (Gnoll Shapeshifter)          Turns: 23390, Time: 00:48:45

Health: -8/133     AC: 30    Str: 19    XL:     17   Next: 19%
Magic:  32/32      EV: 18    Int: 11    God:    Fedhas [******]
Gold:   1621       SH:  0    Dex: 13    Spells: 39/39 levels left

rFire   . . .        h - +12 glaive of Prune {freeze, Prune}
rCold   + . .        (shield currently unavailable)
rNeg    . . .        C - +10 chain mail "Rogig" {rC+ Str+3}
rPois   x            A - +2 helmet "Ryssirph" {rElec Will+ Regen+ Str-3}
rElec   +            e - scarf {+Inv}
rCorr   .            n - +0 pair of gloves of the Known World {+Blink}
SInv    +            W - +0 pair of boots
Will    ++...        i - amulet of regeneration
Stlth   ++           t - ring of see invisible
HPRegen 2.02/turn    K - +5 ring of evasion
MPRegen 0.23/turn

%: no passive effects
@: lethally poisoned (-8 -> -77), poison vulnerable, studying 2 skills
A: fangs 1, strong nose, distributed training
a: Renounce Religion, Evoke Blink, Evoke Invisibility, Wall of Briars, Grow
Ballistomycete, Overgrow, Grow Oklob


You were on level 2 of the Snake Pit.
You worshipped Fedhas.
Fedhas was exalted by your worship.
You visited 5 branches of the dungeon, and saw 25 of its levels.
You also visited: Bailey and Volcano.

You collected 2305 gold pieces.
You spent 684 gold pieces at shops.

Inventory:

Hand Weapons
 a - a +0 arbalest
 h - the +12 glaive of Prune (weapon) {freeze, Prune}
   (You found it in a bailey)

   Prune:     It halves damage taken while paralysed, petrified or unconscious.
 B - the +8 hand axe "Wehicuq" {holy, rPois rF++ rN+ Str-2}
   (You found it on level 13 of the Dungeon)

   Str-2:     It affects your strength (-2).
   rF++:      It greatly protects you from fire.
   rPois:     It protects you from poison rN+: It protects you from negative
   energy.
 L - a +3 scimitar of flaming
 Z - a +2 eveningstar of flaming
Missiles
 d - a throwing net
 R - a curare-tipped dart
Armour
 e - a scarf of invisibility (worn)
 n - the +0 pair of gloves of the Known World (worn) {+Blink}
   (You bought it in a shop on level 13 of the Dungeon)

   +Blink:    It lets you blink.
 A - the +2 helmet "Ryssirph" (worn) {rElec Will+ Regen+ Str-3}
   (You took it off Robin on level 4 of the Dungeon)

   Str-3:     It affects your strength (-3).
   rElec:     It insulates you from electricity.
   Will+:     It increases your willpower.
   Regen+:    It increases your rate of health regeneration.
 C - the +10 chain mail "Rogig" (worn) {rC+ Str+3}
   (You found it on level 5 of the Dungeon)

   Str+3:     It affects your strength (+3).
   rC+:       It protects you from cold.
 W - a +0 pair of boots (worn)
Jewellery
 i - an amulet of regeneration (around neck)
 t - a ring of see invisible (left hand)
 K - a +5 ring of evasion (right hand)
 V - a ring of positive energy
 X - a +5 ring of evasion
Talismans
 c - a dragon-blood talisman
Wands
 m - a wand of roots (3)
 x - a wand of paralysis (12)
 G - a wand of digging (18)
 N - a wand of mindburst (8)
 U - a wand of flame (7)
Scrolls
 f - 4 scrolls of enchant armour
 g - 2 scrolls of torment
 k - 3 scrolls of poison
 l - 2 scrolls of revelation
 r - 4 scrolls of immolation
 s - 2 scrolls of enchant weapon
 w - a scroll of brand weapon
 y - 2 scrolls of vulnerability
 z - 8 scrolls of teleportation
 H - 2 scrolls of blinking
 J - 3 scrolls of fear
 O - 3 scrolls of amnesia
 Q - 2 scrolls of fog
 Y - 7 scrolls of identify
Potions
 b - 3 potions of lignification
 j - 4 potions of attraction
 o - 4 potions of curing
 p - 3 potions of enlightenment
 q - 2 potions of cancellation
 u - 6 potions of brilliance
 v - 2 potions of resistance
 D - 5 potions of magic
 E - a potion of mutation
 F - 3 potions of haste
 I - 2 potions of invisibility
 M - 3 potions of heal wounds
 P - a potion of ambrosia
 S - a potion of berserk rage
 T - 3 potions of might


   Skills:
 + Level 12.1 Fighting
 + Level 11.9 Short Blades
 + Level 11.9 Long Blades
 + Level 11.9 Axes
 + Level 12.7 Maces & Flails
 + Level 11.9 Polearms
 + Level 11.9 Staves
 + Level 11.9 Ranged Weapons
 + Level 11.9 Throwing
 + Level 15.7 Armour
 + Level 12.7 Dodging
 + Level 11.9 Stealth
 + Level 11.9 Shields
 + Level 13.4 Unarmed Combat
 + Level 11.9 Spellcasting
 + Level 10.0 Conjurations
 + Level 10.0 Hexes
 + Level 10.0 Summonings
 + Level 10.0 Necromancy
 + Level 10.0 Translocations
 + Level 10.0 Fire Magic
 + Level 10.0 Ice Magic
 + Level 10.0 Air Magic
 + Level 10.0 Earth Magic
 + Level 10.0 Alchemy
 + Level 12.9 Invocations
 + Level 11.9 Evocations
 + Level 12.6 Shapeshifting


You had 39 spell levels left.
You didn't know any spells.
Your spell library contained the following spells:

 Spells                   Type           Power      Damage    Failure   Level
 Apportation              Tloc           56%        N/A       1%          1
 Magic Dart               Conj           100%       1d8       1%          1
 Necrotise                Necr           100%       1d9       1%          1
 Sting                    Conj/Alch      100%       1d9       1%          1
 Summon Small Mammal      Summ           100%       N/A       1%          1
 Blink                    Tloc           56%        N/A       1%          2
 Call Imp                 Summ           56%        N/A       1%          2
 Mercury Vapours          Alch/Air       56%        N/A       1%          2
 Gell's Gravitas          Tloc           28%        N/A       2%          3
 Teleport Other           Tloc           28%        N/A       2%          3
 Tukima's Dance           Hex            28%        N/A       2%          3
 Animate Armour           Summ/Erth      56%        N/A       8%          4
 Olgreb's Toxic Radiance  Alch           28%        N/A       8%          4
 Passage of Golubria      Tloc           28%        N/A       8%          4
 Summon Blazeheart Golem  Fire/Summ      28%        N/A       8%          4
 Summon Lightning Spire   Summ/Air       28%        N/A       8%          4
 Alistair's Intoxication  Alch           18%        N/A       22%         5
 Borgnjor's Vile Clutch   Necr/Erth      14%        N/A       22%         5
 Lee's Rapid Deconstruct  Erth           14%        3d9*      22%         5
 Yara's Violent Unravell  Hex/Alch       14%        3d7       22%         5
 Dispersal                Tloc           14%        N/A       75%         6
 Eringya's Noxious Bog    Alch           14%        4d6       75%         6
 Sculpt Simulacrum        Ice/Alch       14%        N/A       75%         6
 Orb of Destruction       Conj           14%        9d7       100%        7
 Ozocubu's Refrigeration  Ice            14%        4d10      100%        7
 Spellforged Servitor     Conj/Summ      14%        N/A       100%        7
 Polar Vortex             Ice            14%        12d1*     100%        9


Dungeon Overview and Level Annotations

Branches:
Dungeon (15/15)            Temple (1/1) D:6            Lair (5/5) D:10
  Swamp (0/4) Lair:3        Snake (2/4) Lair:2        Slime (0/5) Lair:4
    Orc (2/2) D:12            Elf (0/3) Orc:2        Vaults (0/5) D:14
 Depths (0/4) D:15         Bailey (visited)         Volcano (visited)

Altars:
Ashenzari
Cheibriados
Dithmenos
Elyvilon
Fedhas
Gozag
Hepliaklqana
Kikubaaqudgha
Makhleb
Nemelex Xobeh
Okawaru
Qazlal
Ru
Sif Muna
Trog
Uskayaw
Vehumet
Wu Jian
Xom
Yredelemnul
Zin
The Shining One
Jiyva

Shops:
D:10 =   D:13 [?(?([   Orc:1 (   Orc:2 [*:[(   Snake:1 *

Portals:
Trove: D:12 (give 6 scrolls of fog)


Innate Abilities, Weirdness & Mutations

You have very sharp teeth.
Your uncanny sense of smell can sniff out nearby items.
Your experience applies equally to all skills.


Message History

You reach to attack!
You open the salamander like a pillowcase!!!
You freeze the salamander!
You kill the salamander!
Fedhas appreciates your contribution to the ecosystem.
You feel extremely sick.
You are more poisoned.
The naga ritualist spits poison at you.
The splash of poison hits you but does no damage.
You are more poisoned.
The naga warrior spits poison at you. The splash of poison hits you.
You are lethally poisoned!
You feel extremely sick.
You are more poisoned.
The naga spits poison at you. The splash of poison misses you.
The naga warrior spits poison at you. The splash of poison misses you.
You see here a +0 whip.
You are too injured to fight recklessly!
Unknown command.
You are too injured to fight recklessly!
Unknown command.
You are too injured to fight recklessly!
Unknown command.
You are too injured to fight recklessly!
Unknown command.
You are too injured to fight recklessly!
Unknown command.
You are too injured to fight recklessly!
* * * LOW HITPOINT WARNING * * *
You feel extremely sick.
* * * LOW HITPOINT WARNING * * *
You are more poisoned.
The naga warrior attacks as it pursues you!
The naga warrior hits you from afar with a +0 glaive!!
* * * LOW HITPOINT WARNING * * *
You die...
Fedhas appreciates your contribution to the ecosystem.

#.....# ..... #.....#
#.....
#.....#+############......
..........................
.....#'##............N....
....##..##................
....+....'...............#
..#.##..##........)N.N..#
###..####.......@......##∆
# #.............####...#
##.............# ...#
##...^..........# ....
..........>....## .....
...............# ....
.......#.......# ....
...............#
+##............#


You could see a naga warrior (catching breath), a naga ritualist (toxic aura)
and a naga.

Vanquished Creatures
  An eleionoma (Lair:3)
  Nessos (Lair:5)
  A red draconian (Volcano)
  Josephine (D:10)
  3 vault guards
  An ironbound frostheart (D:14)
  2 boulder beetles
  8 hydras
  2 centaur warriors
  5 ogre magi
  23 two-headed ogres
  2 catoblepae
  Erica (D:9)
  3 anacondas
  A deep troll earth mage (D:14)
  A naga warrior (Snake:1)
  A tengu warrior (D:15)
  2 shock serpents (Snake:2)
  5 naga sharpshooters (Snake:1)
  Nergalle (Lair:3)
  A fire crab (Lair:3)
  3 skysharks
  3 mana vipers (Snake:1)
  An arcanist (D:13)
  2 necromancers (Orc:1)
  A lindwurm (Lair:5)
  A wolf spider (D:15)
  4 orc knights
  22 ugly things
  A deep elf pyromancer (D:15)
  2 manticores
  2 orc sorcerers (Orc:2)
  A salamander (shapeshifter) (D:14)
  A salamander (Snake:2)
  6 cyclopes
  6 kobold blastminers
  17 elephants
  A black mamba (shapeshifter) (D:15)
  A naga mage (Snake:2)
  16 black mambas
  25 cane toads
  Joseph (D:8)
  2 gargoyles
  5 rime drakes
  An unseen horror (D:11)
  3 efreet
  13 komodo dragons
  3 freezing wraiths (D:14)
  A tengu conjurer (D:15)
  9 trolls
  5 polar bears
  A tarantella (shapeshifter) (D:15)
  6 dream sheep
  5 hornets
  2 ettin zombies (Orc:1)
  31 blink frogs
  12 spriggans (Lair:5)
  3 slime creatures (D:14)
  6 wraiths
  An ettin skeleton (Orc:1)
  A vampire (D:9)
  44 yaks
  A human (D:14)
  A shadow (D:11)
  3 water elementals (D:15)
  4 fire bats (Lair:4)
  3 wargs
  4 wyverns
  8 basilisks
  2 steam dragons
  13 vampire mosquitoes
  7 nagas
  24 water moccasins
  32 orc warriors
  2 ice beasts
  10 black bears
  A sky beast (D:7)
  34 wolves
  A laughing skull (D:15)
  28 ogres
  7 centaurs
  5 boggarts (Lair:5)
  14 bullfrogs
  2 scorpions (D:6)
  5 kobold brigands
  2 gnoll sergeants
  A warg skeleton (Orc:1)
  3 wights (D:6)
  10 killer bees (D:9)
  13 electric eels
  4 howler monkeys
  2 lava snakes (Lair:4)
  A bombardier beetle (D:5)
  A gnoll bouda (D:7)
  13 orc priests
  5 hounds
  Ijyb (D:4)
  5 iguanas
  2 sleepcaps
  21 orc wizards
  5 hell rats (Lair:5)
  Robin (D:4)
  16 gnolls
  10 adders
  3 white imps
  4 ufetubi (D:6)
  An orc simulacrum (Orc:1)
  2 ribbon worms
  7 dart slugs
  81 orcs
  6 endoplasms
  2 giant cockroaches (D:2)
  8 hobgoblins
  7 jackals
  6 quokkas
  6 ball pythons
  12 bats
  7 frilled lizards
  4 goblins
  9 kobolds
  9 rats
838 creatures vanquished.

Vanquished Creatures (collateral kills)
  An orc warlord (Orc:1)
  A two-headed ogre (Orc:2)
  A lindwurm (Lair:5)
  An orc sorcerer (Orc:1)
  A rime drake (Lair:1)
  2 blink frogs
  A yak (Lair:5)
  3 orc warriors (Orc:1)
  5 wolves
  2 ogres (Orc:1)
  A bullfrog (Lair:2)
  A cyclops skeleton (Orc:1)
  A troll zombie (Orc:1)
  An ogre simulacrum (Orc:1)
  8 orcs (Orc:1)
  A ballistomycete spore (Orc:2)
31 creatures vanquished.

Vanquished Creatures (others)
  An elephant (Lair:4)
  A blink frog (Lair:4)
  An orc wizard (Orc:1)
  2 kobolds (D:8)
5 creatures vanquished.

Grand Total: 874 creatures vanquished

Notes
Turn   | Place    | Note
-------+----------+-------------------------------------------
     0 | D:1      | Malachi the Gnoll Shapeshifter began the quest for the Orb.
     0 | D:1      | Reached XP level 1. HP: 17/17 MP: 1/1
   342 | D:1      | Reached XP level 2. HP: 17/23 MP: 2/2
   777 | D:2      | Reached XP level 3. HP: 28/28 MP: 3/3
   845 | D:2      | Reached skill level 1 in Invocations
  1112 | D:2      | Reached skill level 1 in Short Blades
  1112 | D:2      | Reached skill level 1 in Long Blades
  1112 | D:2      | Reached skill level 1 in Axes
  1112 | D:2      | Reached skill level 1 in Maces & Flails
  1112 | D:2      | Reached skill level 1 in Polearms
  1112 | D:2      | Reached skill level 1 in Staves
  1112 | D:2      | Reached skill level 1 in Ranged Weapons
  1112 | D:2      | Reached skill level 1 in Throwing
  1112 | D:2      | Reached skill level 1 in Armour
  1112 | D:2      | Reached skill level 1 in Stealth
  1112 | D:2      | Reached skill level 1 in Shields
  1112 | D:2      | Reached skill level 1 in Spellcasting
  1112 | D:2      | Reached skill level 1 in Evocations
  1148 | D:2      | Reached XP level 4. HP: 34/34 MP: 5/5
  1502 | D:3      | Reached skill level 1 in Conjurations
  1502 | D:3      | Reached skill level 1 in Hexes
  1502 | D:3      | Reached skill level 1 in Summonings
  1502 | D:3      | Reached skill level 1 in Necromancy
  1502 | D:3      | Reached skill level 1 in Translocations
  1502 | D:3      | Reached skill level 1 in Fire Magic
  1502 | D:3      | Reached skill level 1 in Ice Magic
  1502 | D:3      | Reached skill level 1 in Air Magic
  1502 | D:3      | Reached skill level 1 in Earth Magic
  1502 | D:3      | Reached skill level 1 in Alchemy
  1605 | D:3      | Reached XP level 5. HP: 28/41 MP: 5/7
  1852 | D:3      | Reached XP level 6. HP: 42/47 MP: 8/8
  1857 | D:3      | Reached skill level 5 in Dodging
  2044 | D:3      | Reached skill level 2 in Armour
  2403 | D:4      | Noticed Ijyb
  2417 | D:4      | Killed Ijyb
  2453 | D:4      | Identified the +2 helmet "Ryssirph" {rElec Will+ Regen+
                  | Str-3}
  2453 | D:4      | Noticed Robin
  2463 | D:4      | Killed Robin
  2828 | D:4      | Found a basalt altar of Yredelemnul.
  3231 | D:5      | Entered Level 5 of the Dungeon
  3238 | D:5      | Identified the +10 chain mail "Rogig" {rC+ Str+3}
  3333 | D:5      | Reached XP level 7. HP: 40/52 MP: 10/10
  3926 | D:6      | Reached skill level 3 in Armour
  3926 | D:6      | Reached XP level 8. HP: 51/60 MP: 12/12
  4344 | D:5      | HP: 3/60 [poisoned by a gnoll]
  4982 | D:7      | Found a flagged portal.
  4991 | Bailey   | Entered a bailey
  5141 | Bailey   | Reached XP level 9. HP: 63/66 MP: 14/14
  5149 | Bailey   | Reached skill level 4 in Armour
  5203 | Bailey   | Reached skill level 5 in Fighting
  5339 | Bailey   | Found the +12 glaive of Prune {freeze, Prune}
  5344 | Bailey   | Noticed an orc knight
  5344 | Bailey   | Noticed an orc knight
  5483 | Bailey   | Killed an orc knight
  5484 | Bailey   | Reached skill level 5 in Invocations
  5585 | Bailey   | Killed an orc knight
  5596 | Bailey   | Reached skill level 5 in Short Blades
  5596 | Bailey   | Reached skill level 5 in Long Blades
  5596 | Bailey   | Reached skill level 5 in Axes
  5596 | Bailey   | Reached skill level 5 in Maces & Flails
  5596 | Bailey   | Reached skill level 5 in Polearms
  5596 | Bailey   | Reached skill level 5 in Staves
  5596 | Bailey   | Reached skill level 5 in Ranged Weapons
  5596 | Bailey   | Reached skill level 5 in Throwing
  5596 | Bailey   | Reached skill level 5 in Armour
  5596 | Bailey   | Reached skill level 5 in Stealth
  5596 | Bailey   | Reached skill level 5 in Shields
  5596 | Bailey   | Reached skill level 5 in Spellcasting
  5596 | Bailey   | Reached skill level 5 in Evocations
  5596 | Bailey   | Reached XP level 10. HP: 76/76 MP: 17/17
  6176 | D:8      | Noticed Joseph
  6190 | D:8      | Killed Joseph
  6191 | D:8      | Reached skill level 6 in Armour
  6417 | D:8      | Noticed a two-headed ogre
  6424 | D:8      | Killed a two-headed ogre
  6625 | D:9      | Reached skill level 5 in Conjurations
  6625 | D:9      | Reached skill level 5 in Hexes
  6625 | D:9      | Reached skill level 5 in Summonings
  6625 | D:9      | Reached skill level 5 in Necromancy
  6625 | D:9      | Reached skill level 5 in Translocations
  6625 | D:9      | Reached skill level 5 in Fire Magic
  6625 | D:9      | Reached skill level 5 in Ice Magic
  6625 | D:9      | Reached skill level 5 in Air Magic
  6625 | D:9      | Reached skill level 5 in Earth Magic
  6625 | D:9      | Reached skill level 5 in Alchemy
  6653 | D:9      | Found a radiant altar of Vehumet.
  6661 | D:9      | Found a stormy altar of Qazlal.
  6663 | D:9      | Found a hide-covered altar of Uskayaw.
  6668 | D:9      | Found an ornate altar of the Wu Jian Council.
  6674 | D:9      | Found a blossoming altar of Fedhas.
  6736 | D:9      | Noticed Erica
  6745 | D:9      | Killed Erica
  6746 | D:9      | Reached skill level 7 in Armour
  6746 | D:9      | Reached XP level 11. HP: 51/83 MP: 20/20
  7555 | D:9      | Upgraded the game from 0.32-a0-18-g89e19f1974 to
                  | 0.32-a0-22-g6ae6769602
  7571 | D:10     | Entered Level 10 of the Dungeon
  7614 | D:10     | Noticed Josephine
  7768 | D:10     | Found Vulaud's Jewellery Boutique.
  7861 | D:10     | Noticed a boulder beetle
  7879 | D:10     | Killed a boulder beetle
  7880 | D:10     | Reached skill level 8 in Armour
  7940 | D:10     | Noticed a two-headed ogre
  7947 | D:10     | Killed a two-headed ogre
  8094 | D:10     | Found a glowing golden altar of the Shining One.
  8116 | D:10     | Noticed a two-headed ogre
  8122 | D:10     | Killed a two-headed ogre
  8128 | D:10     | Found a staircase to the Lair.
  8220 | D:10     | Killed Josephine
  8239 | D:10     | Reached XP level 12. HP: 91/91 MP: 22/22
  8493 | D:6      | Found a staircase to the Ecumenical Temple.
  8825 | D:6      | Found a shimmering blue altar of Sif Muna.
  8886 | Temple   | Entered the Ecumenical Temple
  9224 | D:9      | Became a worshipper of Fedhas Madash
  9313 | D:11     | Reached skill level 9 in Armour
  9483 | D:11     | Reached skill level 10 in Unarmed Combat
  9578 | D:11     | You fall into a shaft and drop 2 floors!
  9985 | D:13     | Noticed a two-headed ogre
  9993 | D:13     | Killed a two-headed ogre
 10037 | D:13     | Noticed a centaur warrior
 10043 | D:13     | Killed a centaur warrior
 10043 | D:13     | Reached * piety under Fedhas
 10136 | D:13     | Found Lafaq's Magic Scroll Emporium.
 10136 | D:13     | Found Xoco Naa's Antique Armour Boutique.
 10138 | D:13     | Found Kaemm's Weapon Shoppe.
 10138 | D:13     | Found Inelokiu's Magic Scroll Shop.
 10140 | D:13     | Found Buddutzu's Antique Armour Emporium.
 10140 | D:13     | Found Izxeyh's Weapon Boutique.
 10144 | D:13     | Bought a scroll of blinking for 90 gold pieces
 10144 | D:13     | Bought a scroll of identify for 24 gold pieces
 10144 | D:13     | Bought a scroll of identify for 24 gold pieces
 10155 | D:13     | Bought a pair of dazzling gloves for 247 gold pieces
 10155 | D:13     | Identified the +0 pair of gloves of the Known World
                  | {+Blink} (You bought it in a shop on level 13 of the
                  | Dungeon)
 10155 | D:13     | Bought a pair of glowing gloves for 195 gold pieces
 10214 | D:13     | Reached skill level 10 in Armour
 10231 | D:13     | Identified the +8 hand axe "Wehicuq" {holy, rPois rF++ rN+
                  | Str-2}
 10553 | D:14     | Noticed a six-headed hydra
 10767 | D:14     | Killed an 11-headed hydra
 10768 | D:14     | Reached skill level 10 in Shapeshifting
 10768 | D:14     | Reached XP level 13. HP: 37/99 MP: 25/25
 10993 | D:14     | Reached ** piety under Fedhas
 11045 | D:14     | Noticed a vault guard
 11059 | D:14     | Noticed a vault guard
 11070 | D:14     | Killed a vault guard
 11078 | D:14     | Noticed a vault guard
 11231 | D:13     | Killed a vault guard
 11232 | D:13     | Reached skill level 11 in Armour
 11240 | D:13     | Killed a vault guard
 11628 | D:14     | Found a gate to the Vaults.
 11877 | D:12     | Reached skill level 10 in Dodging
 11963 | D:12     | Reached *** piety under Fedhas
 12143 | D:12     | Found a staircase to the Orcish Mines.
 12636 | D:12     | Found a portal to a secret trove of treasure.
 12958 | D:11     | Reached **** piety under Fedhas
 13223 | D:15     | Entered Level 15 of the Dungeon
 13280 | D:15     | Found a staircase to the Depths.
 13288 | D:15     | Reached skill level 10 in Invocations
 13288 | D:15     | Reached XP level 14. HP: 55/108 MP: 27/27
 13814 | D:15     | Reached skill level 12 in Armour
 14528 | Lair:1   | Entered Level 1 of the Lair of Beasts
 14625 | Lair:1   | Reached ***** piety under Fedhas
 14691 | Lair:1   | Reached skill level 10 in Fighting
 15324 | Lair:1   | Identified the +9 mace of the Valley of Death {speed,
                  | ^Fragile rF+++ rCorr Int-5}
 15799 | Lair:2   | Found a staircase to the Snake Pit.
 15905 | Lair:2   | Reached skill level 10 in Short Blades
 15905 | Lair:2   | Reached skill level 10 in Long Blades
 15905 | Lair:2   | Reached skill level 10 in Axes
 15905 | Lair:2   | Reached skill level 10 in Maces & Flails
 15905 | Lair:2   | Reached skill level 10 in Polearms
 15905 | Lair:2   | Reached skill level 10 in Staves
 15905 | Lair:2   | Reached skill level 10 in Ranged Weapons
 15905 | Lair:2   | Reached skill level 10 in Throwing
 15905 | Lair:2   | Reached skill level 13 in Armour
 15905 | Lair:2   | Reached skill level 10 in Stealth
 15905 | Lair:2   | Reached skill level 10 in Shields
 15905 | Lair:2   | Reached skill level 10 in Spellcasting
 15905 | Lair:2   | Reached skill level 10 in Evocations
 16314 | Lair:3   | Noticed Nergalle
 16322 | Lair:3   | Killed Nergalle
 16323 | Lair:3   | Reached XP level 15. HP: 112/117 MP: 29/29
 16372 | Lair:3   | Found a staircase to the Swamp.
 16455 | Lair:3   | Reached ****** piety under Fedhas
 17653 | Lair:4   | Found a staircase to the Slime Pits.
 17654 | Lair:4   | Found a viscous altar of Jiyva.
 18329 | Lair:5   | Entered Level 5 of the Lair of Beasts
 18331 | Lair:5   | Noticed Nessos
 18486 | Lair:4   | Reached skill level 14 in Armour
 18899 | Lair:5   | Killed Nessos
 19246 | Lair:5   | Reached XP level 16. HP: 125/125 MP: 30/30
 19410 | Lair:5   | Paralysed by a hornet for 1 turns
 20296 | Orc:1    | Entered Level 1 of the Orcish Mines
 20452 | Orc:1    | Found a dark tunnel.
 20480 | Volcano  | Entered a volcano
 20508 | Volcano  | Found a bloodstained altar of Trog.
 21138 | Orc:1    | Found Jeng's Firing Range.
 21302 | Orc:2    | Entered Level 2 of the Orcish Mines
 21302 | Orc:2    | Found a staircase to the Elven Halls.
 21333 | Orc:2    | Found Tuelaf's Book Boutique.
 21333 | Orc:2    | Found Omare's Antique Armour Emporium.
 21338 | Orc:2    | Reached skill level 15 in Armour
 21461 | Orc:2    | Found Ocveru Jymi's Antique Armour Shoppe.
 21461 | Orc:2    | Found Seist's General Store.
 21498 | Orc:2    | Bought a potion of mutation for 104 gold pieces
 21719 | Orc:2    | Found Faefuch's Antique Weapon Boutique.
 22143 | Snake:1  | Entered Level 1 of the Snake Pit
 22270 | Snake:1  | Found Noledotuv's CLEARANCE SALE!.
 22432 | Snake:1  | Reached XP level 17. HP: 46/133 MP: 32/32
 22732 | Snake:1  | Reached skill level 10 in Conjurations
 22732 | Snake:1  | Reached skill level 10 in Hexes
 22732 | Snake:1  | Reached skill level 10 in Summonings
 22732 | Snake:1  | Reached skill level 10 in Necromancy
 22732 | Snake:1  | Reached skill level 10 in Translocations
 22732 | Snake:1  | Reached skill level 10 in Fire Magic
 22732 | Snake:1  | Reached skill level 10 in Ice Magic
 22732 | Snake:1  | Reached skill level 10 in Air Magic
 22732 | Snake:1  | Reached skill level 10 in Earth Magic
 22732 | Snake:1  | Reached skill level 10 in Alchemy
 22894 | Snake:2  | HP: 2/133 [nagaraja/poison arrow (20)]
 22899 | Snake:1  | HP: 1/133 [poisoned by a nagaraja (splash of poison)]
 23390 | Snake:2  | Succumbed to a naga ritualist's toxic radiance

Illustrated notes

Levels and vault maps discovered:
D:1:      dpeg_arrival_tiny_h, layout_loops_cross
D:2:      layout_basic
D:3:      layout_loops_ring, kennysheep_cross_room
D:4:      layout_layer_cave, marbit_many_paths, roderic_batcave,
          nicolae_goblin_pals
D:5:      layout_cave_pools, skrybe_limestone_x, grunt_decor_clamped
D:6:      layout_cave_pods, led_sif_book, temple_doors_ab
D:7:      layout_basic, enter_bailey_8
D:8:      layout_cave_pools, supply_closet_lemuel, minmay_misc_feat_tower,
          st_stairs_3, uniq_joseph
D:9:      layout_irregular_city, nicolae_overflow_hallway_of_the_gods,
          serial_bayou, serial_bayou_lagoon_a, serial_bayou_pond_a,
          serial_bayou_pond_e, serial_bayou_pond_a, minmay_statues_item,
          uniq_erica
D:10:     layout_irregular_city, mainiacjoe_overflow_alcove_1,
          david_lair_shrubbed, serial_shops, shop, uniq_josephine
D:11:     layout_loops_ring, hangedman_abyss_or_decor_stabs
D:12:     layout_loops_ring, kennysheep_orc_monster_closet_entryway,
          gauntlet_entry_generic, nicolae_trove_entry_crystal, kennysheep_boxes
D:13:     layout_layer_cave, nicolae_wooded_promenade
D:14:     layout_cave_pools, hellmonk_vaults_keyhole,
          serial_library_regret_index_branch_corner,
          chequers_serial_rivers_room_a
D:15:     hellmonk_depths_entry_around_the_bend, layout_basic,
          reono_crystal_passage
Temple:   zaba_magenta_temple
Lair:1:   layout_loops_ring, nzn_random_ring, grunt_megastairs_2
Lair:2:   minmay_lair_oklob_chamber, layout_regular_city, dummy_snake_entry
Lair:3:   nzn_winding_woodlands_stair_cross
          [nzn_winding_woodlands_5x15_longhouse,
          nzn_winding_woodlands_center_garden,
          nzn_winding_woodlands_5x15_parted,
          nzn_winding_woodlands_5x5_checkerboard,
          nzn_winding_woodlands_5x5_three,
          nzn_winding_woodlands_5x15_split_checker,
          nzn_winding_woodlands_center_diamonds,
          nzn_winding_woodlands_5x15_jagged], layout_regular_city,
          alex1729_swamp_entry_worm_eleionoma, uniq_nergalle
Lair:4:   layout_gridlike, slime_entry_1, grunt_megastairs_4,
          serial_bayou_shore_b
Lair:5:   minmay_lair_end_enchanted_forest, layout_cave_pods, uniq_nessos
Snake:1:  layout_rooms, drop_trap, nicolae_shop_clearance, serial_bayou_shore_b
Snake:2:  layout_cave_town
Orc:1:    dreamdust_under_siege, layout_caves, nicolae_volcano_entry_lava_flow,
          nicolae_shop_firing_range
Orc:2:    st_orc_ogre_mass, layout_caves, serial_shops,
          nicolae_shop_rolling_square

Skill      XL: |  1  2  3  4  5  6  7  8  9 10 11 12 13 14 15 16 17 |
---------------+----------------------------------------------------+-----
Invocations    | 1 2 3 4 5 6 7 8 10 11 12 | 12.9
Short Blades   | 1 2 3 5 6 7 8 9 10 11 | 11.9
Long Blades    | 1 2 3 5 6 7 8 9 10 11 | 11.9
Axes           | 1 2 3 5 6 7 8 9 10 11 | 11.9
Maces & Flails | 1 2 3 5 6 7 8 9 10 12 | 12.7
Polearms       | 1 2 3 5 6 7 8 9 10 11 | 11.9
Staves         | 1 2 3 5 6 7 8 9 10 11 | 11.9
Ranged Weapons | 1 2 3 5 6 7 8 9 10 11 | 11.9
Throwing       | 1 2 3 5 6 7 8 9 10 11 | 11.9
Armour         | 1 2 3 5 7 8 10 11 13 14 15 | 15.7
Stealth        | 1 2 3 5 6 7 8 9 10 11 | 11.9
Shields        | 1 2 3 5 6 7 8 9 10 11 | 11.9
Spellcasting   | 1 2 3 5 6 7 8 9 10 11 | 11.9
Evocations     | 1 2 3 5 6 7 8 9 10 11 | 11.9
Conjurations   | 1 2 3 4 5 6 7 8 9 10 | 10.0
Hexes          | 1 2 3 4 5 6 7 8 9 10 | 10.0
Summonings     | 1 2 3 4 5 6 7 8 9 10 | 10.0
Necromancy     | 1 2 3 4 5 6 7 8 9 10 | 10.0
Translocations | 1 2 3 4 5 6 7 8 9 10 | 10.0
Fire Magic     | 1 2 3 4 5 6 7 8 9 10 | 10.0
Ice Magic      | 1 2 3 4 5 6 7 8 9 10 | 10.0
Air Magic      | 1 2 3 4 5 6 7 8 9 10 | 10.0
Earth Magic    | 1 2 3 4 5 6 7 8 9 10 | 10.0
Alchemy        | 1 2 3 4 5 6 7 8 9 10 | 10.0
Fighting       | 3 4 5 6 7 8 9 10 11 12 | 12.1
Dodging        | 5 6 7 8 9 10 11 12 | 12.7
Unarmed Combat | 7 8 9 10 11 12 13 | 13.4
Shapeshifting  | 7 8 9 10 11 12 | 12.6

Action                     |  1- 3 |  4- 6 |  7- 9 | 10-12 | 13-15 | 16-18 || total
---------------------------+-------+-------+-------+-------+-------+-------++-------
  Melee: Unarmed           |    62 |   166 |    88 |       |       |       ||   316
         Bite              |     3 |    10 |    55 |    47 |   159 |    64 ||   338
         Punch             |     1 |     8 |     8 |       |       |       ||    17
         Rapier            |       |       |   257 |       |       |       ||   257
         Glaive            |       |       |     8 |   462 |  1120 |   617 ||  2207
 Invoke: Wall of Briars    |       |       |       |       |     6 |     1 ||     7
         Overgrow          |       |       |       |       |       |     3 ||     3
Ability: Evoke Blink       |       |       |       |       |       |     1 ||     1
  Evoke: Wand              |       |       |     4 |       |     3 |     6 ||    13
    Use: Scroll            |       |       |    14 |     7 |     7 |     2 ||    30
         Potion            |       |       |     3 |     5 |     1 |     4 ||    13
   Stab: Sleeping          |     1 |     5 |       |       |     6 |     1 ||    13
         Paralysed         |       |       |     6 |       |       |       ||     6
         Petrified         |       |       |       |       |     2 |       ||     2
         Petrifying        |       |       |       |       |     1 |       ||     1
         Distracted        |       |       |       |       |       |     4 ||     4
 Armour: Animal skin       |    23 |    59 |       |       |       |       ||    82
         Ring mail         |       |     7 |       |       |       |       ||     7
         Chain mail        |       |     6 |   365 |   512 |  1350 |   539 ||  2772
         Skin              |       |       |    10 |   105 |       |       ||   115
  Dodge: Dodged            |    37 |   102 |   206 |   434 |  1331 |   714 ||  2824
         Form:             |       |       |     1 |       |       |       ||     1
         Flux              |       |       |     1 |       |       |       ||     1

Table legend: (Time is in decaauts)
 A = Elapsed time spent in this place.
 B = Non-inter-level travel time spent in this place.
 C = Inter-level travel time spent in this place.
 D = Time resting spent in this place.
 E = Time spent auto-exploring this place.
 F = Levels seen in this place.
 G = Mean time per level.
                   A        B        C        D        E       F      G
               +--------+--------+--------+--------+--------+-----+--------+
         Total |  24079 |  22194 |   1885 |   2101 |  13284 |  27 |  891.8 |
       Dungeon |  14241 |  12872 |   1369 |    985 |   8570 |  15 |  949.4 |
        Temple |    214 |    187 |     27 |      0 |      0 |   1 |  214.0 |
          Lair |   5978 |   5583 |    395 |    650 |   3333 |   5 | 1195.6 |
     Snake Pit |   1262 |   1235 |     27 |    260 |    699 |   2 |  631.0 |
  Orcish Mines |   1511 |   1445 |     66 |    206 |    631 |   2 |  755.5 |
        Bailey |    653 |    653 |      0 |      0 |      0 |   1 |  653.0 |
       Volcano |    218 |    218 |      0 |      0 |     51 |   1 |  218.0 |
               +--------+--------+--------+--------+--------+-----+--------+

Top non-repeatable levels by time:
  Lair:4: 1442 daAuts
    D:13: 1428 daAuts
  Lair:5: 1305 daAuts
     D:9: 1206 daAuts
    D:14: 1203 daAuts
  Lair:1: 1153 daAuts
    D:12: 1122 daAuts
    D:15: 1107 daAuts
  Lair:3: 1038 daAuts
  Lair:2: 1038 daAuts
     D:6: 1027 daAuts
 Snake:1: 991 daAuts
     D:5: 985 daAuts
     D:4: 918 daAuts
   Orc:1: 835 daAuts
